 Dungeon Crawl Stone Soup version 0.22-a0-147-gfdd7f25 (webtiles) character file.

6496 tof the Basher (level 10, 0/91 HPs)
             Began as a Minotaur Fighter on Feb 6, 2018.
             Was an Elder of Okawaru.
             Slain by a killer bee (4 damage)
             ... on level 9 of the Dungeon.
             The game lasted 00:21:00 (10376 turns).

tof the Basher (Minotaur Fighter)                  Turns: 10376, Time: 00:21:00

Health: 0/91       AC: 12    Str: 22    XL:     10   Next: 68%
Magic:  9/9        EV:  6    Int:  3    God:    Okawaru [****..]
Gold:   480        SH: 20    Dex: 19    Spells: 9/9 levels left

rFire    . . .     SeeInvis .   a - +6 shillelagh "Devastator" {shatter}
rCold    + . .     Gourm    .   p - +0 large shield
rNeg     . . .     Faith    .   e - +0 scale mail
rPois    +         Spirit   .   (helmet restricted)
rElec    +         Reflect  +   (no cloak)
rCorr    .         Harm     .   N - +1 pair of gloves
MR       .....                  K - +0 pair of boots
Stlth    ..........             T - +2 amulet of reflection
HPRegen  0.25/turn              I - ring "Duthrotre" {rElec rPois Int-2 Dex+7}
MPRegen  0.11/turn              A - ring of protection from cold

@: lethally poisoned (0 -> 0)
A: retaliatory headbutt, horns 2
a: Heroism, Renounce Religion


You were on level 9 of the Dungeon.
You worshipped Okawaru.
Okawaru was greatly pleased with you.
You were very hungry.

You visited 2 branches of the dungeon, and saw 10 of its levels.

You collected 480 gold pieces.

Inventory:

Hand Weapons
 a - the +6 shillelagh "Devastator" (weapon) {shatter}
   (You found it on level 9 of the Dungeon)
 b - a +1 hunting sling of velocity
Missiles
 c - 8 javelins
 r - 51 sling bullets
 s - 3 poisoned tomahawks (quivered)
 G - 2 throwing nets {!f}
Armour
 e - a +0 scale mail (worn)
 p - a +0 large shield (worn)
 K - a +0 pair of boots (worn)
 N - a +1 pair of gloves (worn)
Jewellery
 A - a ring of protection from cold (right hand)
 C - an uncursed ring of positive energy
 I - the ring "Duthrotre" (left hand) {rElec rPois Int-2 Dex+7}
   (You found it on level 6 of the Dungeon)

   [ring of poison resistance]

   It affects your intelligence (-2).
   It affects your dexterity (+7).
   It insulates you from electricity.
   It protects you from poison.
 S - an uncursed ring of flight
 T - a +2 amulet of reflection (around neck)
Wands
 L - a wand of polymorph (15)
 U - a wand of flame (34)
Scrolls
 i - a scroll of immolation
 j - 3 scrolls of enchant armour
 n - 2 scrolls of amnesia
 o - 2 scrolls of magic mapping
 u - 2 scrolls of blinking
 v - 2 scrolls of enchant weapon
 y - 2 scrolls of remove curse
 D - 2 scrolls of identify
 E - 2 scrolls of fear {unknown}
 H - 3 scrolls of teleportation {unknown}
Potions
 d - a potion of might
 g - 2 potions of brilliance {unknown}
 h - a potion of mutation {unknown}
 k - 2 potions of curing {unknown}
 l - a potion of magic {unknown}
 m - a potion of degeneration {unknown}
 t - a potion of agility {unknown}
 x - a potion of flight {unknown}
 z - a potion of lignification {unknown}
 M - a potion of heal wounds {unknown}
Books
 q - a book of Battle

   Spells                             Type                      Level
   a - Infusion                       Charms                       1
   b - Shroud of Golubria             Charms/Translocation         2
   c - Song of Slaying                Charms                       2
   d - Spectral Weapon                Hexes/Charms                 3
   e - Regeneration                   Charms/Necromancy            3
 w - a book of Minor Magic

   Spells                             Type                      Level
   a - Magic Dart                     Conjuration                  1
   b - Blink                          Translocation                2
   c - Call Imp                       Summoning                    2
   d - Slow                           Hexes                        2
   e - Conjure Flame                  Conjuration/Fire             3
   f - Mephitic Cloud                 Conjuration/Poison/Air       3
 B - a book of Beasts

   Spells                             Type                      Level
   a - Summon Butterflies             Summoning                    1
   b - Call Canine Familiar           Summoning                    3
   c - Summon Ice Beast               Ice/Summoning                4
   d - Summon Mana Viper              Hexes/Summoning              5
   e - Summon Hydra                   Summoning                    7
 Q - a book of Burglary

   Spells                             Type                      Level
   a - Swiftness                      Charms/Air                   2
   b - Passwall                       Transmutation/Earth          2
   c - Passage of Golubria            Translocation                4
   d - Lee's Rapid Deconstruction     Earth                        5
   e - Darkness                       Hexes                        6
   f - Invisibility                   Hexes                        6
Miscellaneous
 P - a lamp of fire
 R - a box of beasts
Comestibles
 f - 18 rations


   Skills:
 + Level 9.4 Fighting
 * Level 12.3 Maces & Flails
 + Level 9.5 Armour
 + Level 9.5 Shields


You had 9 spell levels left.
You didn't know any spells.

Dungeon Overview and Level Annotations

Branches:
Dungeon (9/15)             Temple (1/1) D:5
   Lair: D:8-11         Orc: D:9-12

Altars:
Ashenzari
Cheibriados
Hepliaklqana
Nemelex Xobeh
Okawaru
Qazlal
Sif Muna
Wu Jian
Zin
The Shining One

Shops:
D:6 %   D:8 }

Annotations:
D:8 exclusion: ice statue


Innate Abilities, Weirdness & Mutations

You reflexively headbutt those who attack you in melee.
You have a pair of horns on your head.


Message History

* * * LOW HITPOINT WARNING * * *
You block the killer bee's attack.
You feel sick. You block the killer bee's attack.
The killer bee rages.
The killer bee barely misses you.
There is an open door here.
You block the killer bee's attack. The killer bee stings you!
* * * LOW HITPOINT WARNING * * *
You block the killer bee's attack. x2
There is an open door here.
You feel sick. The killer bee stings you!
* * * LOW HITPOINT WARNING * * *
You block the killer bee's attack.
Okay, then.
Okay, then.
You block the killer bee's attack. x2
There is an open door here.
You block the killer bee's attack. x2
You feel sick.
The killer bee is no longer berserk.
The killer bee stings you.
You die...

########## #.#
#........####'####### ###+####
'........##.........### #.......
#......>.##.........'.## #.......
#........##.........#..###.......
#.........#.........##..##....)<.
#.........#.........###..#....)..
#............<......# ##.'.......
###'#######.....@y..# ###...<...
##.# ########y## #....... #..#
#..# ##+##### #.## ####'##
##'#### #...y.#### ###+## #.....#
#.....yyy## #....# #.....#
#.....##.y### #....#
#.....########.....###..y###....+
#.....##.....'.....# ###y.##....#


You could see 2 killer bees.

Vanquished Creatures
  A two-headed ogre (D:8)
  2 trolls (D:9)
  Grinder (D:5)
  A wyvern (D:7)
  5 yaks
  A hungry ghost (D:7)
  A water moccasin (D:8)
  2 phantoms (D:7)
  4 sky beasts
  An orc warrior (D:9)
  A black bear (D:7)
  A necrophage (D:8)
  An ice beast (D:5)
  6 ogres
  A crocodile (D:7)
  A big kobold (D:8)
  A bullfrog (D:7)
  A wyvern zombie (D:8)
  A wyvern skeleton (D:3)
  2 scorpions
  14 killer bees (D:9)
  5 howler monkeys
  4 crimson imps
  A centaur zombie (D:6)
  2 bullfrog skeletons (D:7)
  4 hounds
  A jelly (D:8)
  7 orc wizards
  6 orc priests
  3 centaur skeletons
  Crazy Yiuf (D:2)
  Jessica (D:2)
  3 iguanas
  5 worker ants
  A hound zombie (D:8)
  A howler monkey zombie (D:6)
  A worker ant zombie (D:7)
  Robin (D:4)
  7 gnolls
  11 adders
  3 shadow imps
  2 oozes (D:2)
  An adder skeleton (D:4)
  An adder zombie (D:5)
  2 worms
  A dart slug (D:2)
  4 leopard geckos
  35 orcs
  4 giant cockroaches
  20 goblins
  11 hobgoblins
  14 jackals
  7 quokkas
  9 bats
  4 frilled lizards
  A jackal skeleton (D:8)
  A jackal zombie (D:9)
  10 kobolds
  A leopard gecko zombie (D:6)
  2 quokka skeletons
  12 rats
259 creatures vanquished.

Notes
Turn   | Place    | Note
-------+----------+-------------------------------------------
     0 | D:1      | tof the Minotaur Fighter began the quest for the Orb.
     0 | D:1      | Reached XP level 1. HP: 19/19 MP: 0/0
   109 | D:1      | Reached skill level 3 in Maces & Flails
   109 | D:1      | Reached XP level 2. HP: 23/27 MP: 1/1
   533 | D:1      | Reached XP level 3. HP: 33/33 MP: 2/2
   891 | D:2      | Noticed Jessica
   906 | D:2      | Killed Jessica
   906 | D:2      | Reached skill level 4 in Maces & Flails
   906 | D:2      | Reached XP level 4. HP: 39/40 MP: 3/3
  1028 | D:2      | Found a glowing golden altar of the Shining One.
  1413 | D:2      | Found a runed door.
  1538 | D:2      | Reached XP level 5. HP: 47/47 MP: 4/4
  1749 | D:2      | Noticed Crazy Yiuf
  1756 | D:2      | Killed Crazy Yiuf
  2020 | D:3      | Reached skill level 5 in Maces & Flails
  2737 | D:3      | Reached skill level 5 in Shields
  2737 | D:3      | Reached XP level 6. HP: 35/55 MP: 5/5
  2967 | D:3      | Found a stormy altar of Qazlal.
  3316 | D:4      | Reached skill level 5 in Armour
  3325 | D:4      | Reached skill level 5 in Fighting
  3572 | D:4      | Noticed Robin
  3579 | D:4      | Killed Robin
  3579 | D:4      | Reached skill level 6 in Maces & Flails
  3809 | D:4      | Reached XP level 7. HP: 57/61 MP: 6/6
  4332 | D:4      | Found a shattered altar of Ashenzari.
  4332 | D:4      | Found a faded altar of an unknown god.
  4338 | D:4      | Found a hazy altar of Hepliaklqana.
  4340 | D:4      | Found a sparkling altar of Nemelex Xobeh.
  4342 | D:4      | Found a snail-covered altar of Cheibriados.
  4380 | D:5      | Entered Level 5 of the Dungeon
  4415 | D:5      | Found a staircase to the Ecumenical Temple.
  4460 | D:5      | Noticed Grinder
  4481 | Temple   | Entered the Ecumenical Temple
  4487 | Temple   | Became a worshipper of Warmaster Okawaru
  4525 | D:5      | Paralysed by Grinder for 6 turns
  4555 | D:5      | Paralysed by Grinder for 3 turns
  4558 | D:5      | Killed Grinder
  4558 | D:5      | Reached skill level 7 in Maces & Flails
  4829 | D:5      | Reached * piety under Okawaru
  4829 | D:5      | Reached XP level 8. HP: 30/70 MP: 7/7
  5820 | D:6      | Reached skill level 8 in Maces & Flails
  6334 | D:6      | Got a vibrating turquoise ring
  6418 | D:6      | Found Kipife's Food Shoppe.
  6977 | D:7      | Reached skill level 9 in Maces & Flails
  7300 | D:7      | Reached ** piety under Okawaru
  7300 | D:7      | Reached XP level 9. HP: 79/79 MP: 8/8
  7703 | D:7      | Reached skill level 10 in Maces & Flails
  7904 | D:7      | Got a twisted great sword
  8056 | D:7      | Reached *** piety under Okawaru
  8131 | D:7      | Identified the ring "Duthrotre" {rElec rPois Int-2 Dex+7} (You found it on level 6 of the Dungeon)
  8147 | D:7      | Identified the +8 great sword "Duiceekh" {antimagic, rF- rN+++ SInv} (You found it on level 7 of the Dungeon)
  8607 | D:8      | Found an ornate altar of the Wu Jian Council.
  8625 | D:8      | Found a glowing silver altar of Zin.
  8722 | D:8      | Noticed a two-headed ogre
  8731 | D:8      | Killed a two-headed ogre
  8731 | D:8      | Reached skill level 11 in Maces & Flails
  8731 | D:8      | Reached XP level 10. HP: 60/90 MP: 6/9
  9007 | D:8      | Reached **** piety under Okawaru
  9038 | D:8      | Found Buakhlih's Gadget Boutique.
  9155 | D:8      | Noticed an ice statue
  9771 | D:9      | Found a snail-covered altar of Cheibriados.
 10075 | D:9      | Reached skill level 12 in Maces & Flails
 10268 | D:9      | Found the +6 shillelagh "Devastator" {shatter}
 10269 | D:9      | Found a deep blue altar of Sif Muna.
 10373 | D:9      | HP: 4/91 [killer bee (13)]
 10376 | D:9      | Slain by a killer bee

Vault maps used:
D:1:      minmay_arrival_three_doors, serial_forest,
          infiniplex_forest_clump_diagonal, infiniplex_forest_straight_5,
          infiniplex_forest_straight_1, infiniplex_forest_end_3,
          infiniplex_forest_clump_small, infiniplex_forest_clump_C,
          infiniplex_forest_lined_room_2
D:2:      nicolae_tso_swordbearing_angel, uniq_jessica, uniq_crazy_yiuf_cottage
D:3:      corexii_shack_village, grunt_qazlal_clouds
D:4:      chequers_temple_overflow_minitemple, first_ration, serial_glass,
          glass_columns_c, glass_columns_a, feat_on_display, uniq_robin
D:5:      minmay_temple_entry_metal_lava, kennysheep_big_empty_room,
          uniq_grinder
D:6:      serial_shops, kennysheep_mini
D:7:      minmay_the_grid_octo_triangle
D:8:      lemuel_ice_statue, lemuel_crystal_altar, zin_treasury, serial_shops,
          shop_fountains
D:9:      kennysheep_little_box, special_room, basic_altar, grunt_livestock
Temple:   dshaligram_water_room_temple

Skill      XL: |  1  2  3  4  5  6  7  8  9 10 |
---------------+-------------------------------+-----
Maces & Flails | 3 4 5 6 7 9 11 12 | 12.3
Shields        | 4 5 6 7 8 9 |  9.5
Armour         | 4 5 6 7 8 9 |  9.5
Fighting       | 4 5 6 7 8 9 |  9.4

Action                   |  1- 3 |  4- 6 |  7- 9 | 10-12 || total
-------------------------+-------+-------+-------+-------++-------
Melee: Flail             |    74 |   204 |   393 |   109 ||   780
       Headbutt          |    12 |    41 |    89 |    39 ||   181
       Shillelagh        |       |       |       |    29 ||    29
 Fire: Hunting sling     |     5 |       |       |       ||     5
Throw: Tomahawk          |       |       |     3 |     3 ||     6
Invok: Heroism           |       |       |     2 |     2 ||     4
  Use: Scroll            |       |       |    12 |       ||    12
  Eat: Chunk             |       |    10 |    18 |     4 ||    32
Armor: Scale mail        |    37 |    54 |     4 |    47 ||   142
       Chain mail        |       |    19 |   126 |       ||   145
Dodge: Dodged            |    14 |    51 |    33 |    16 ||   114
Block: Shield            |    47 |    64 |       |       ||   111
       Large shield      |       |    49 |   338 |   157 ||   544
       Reflection        |       |       |       |     1 ||     1

Table legend:
 A = Spawn XP
 B = Non-spawn XP
 C = Spawn XP percentage of total XP
 D = Spawn monster count
 E = Non-spawn monster count
 F = Spawn count percentage of total count
 G = Total turns spent on level
                    A         B        C        D         E        F      G
               +---------+---------+-------+---------+---------+-------+---------
         Total |       0 |    9281 |   0.0 |       0 |     259 |   0.0 | 10376
               +---------+---------+-------+---------+---------+-------+---------
           D:1 |       0 |      46 |   0.0 |       0 |      20 |   0.0 |   724
           D:2 |       0 |     201 |   0.0 |       0 |      33 |   0.0 |  1127
           D:3 |       0 |     228 |   0.0 |       0 |      43 |   0.0 |  1411
           D:4 |       0 |     441 |   0.0 |       0 |      29 |   0.0 |  1118
           D:5 |       0 |     757 |   0.0 |       0 |      19 |   0.0 |  1327
           D:6 |       0 |     324 |   0.0 |       0 |      13 |   0.0 |  1413
           D:7 |       0 |    2521 |   0.0 |       0 |      38 |   0.0 |  1243
           D:8 |       0 |    2276 |   0.0 |       0 |      37 |   0.0 |  1133
           D:9 |       0 |    2487 |   0.0 |       0 |      27 |   0.0 |   861
               +---------+---------+-------+---------+---------+-------+---------
